 Dungeon Crawl Stone Soup version 0.22-a0-348-gd16d139 (webtiles) character file.

132 BaronVonScrub the Shield-Bearer (level 5, -1/39 HPs)
             Began as a Gargoyle Fighter on Apr 7, 2018.
             Killed from afar by an orc wizard (5 damage)
             ... with a magic dart
             ... on level 2 of the Dungeon.
             The game lasted 00:10:40 (1845 turns).

BaronVonScrub the Shield-Bearer (Gargoyle Fighter)  Turns: 1845, Time: 00:10:41

Health: -1/39      AC: 15    Str: 25 (26) XL:     5   Next: 15%
Magic:  5/5        EV: 13    Int:  8      God:
Gold:   64         SH: 14    Dex: 13 (14) Spells: 4/4 levels left

rFire    . . .     SeeInvis .   a - +3 flail
rCold    . . .     Gourm    .   c - +3 shield
rNeg     + . .     Faith    .   b - +0 scale mail
rPois    ∞         Spirit   .   h - +2 helmet
rElec    +         Reflect  .   (no cloak)
rCorr    .         Harm     .   (no gloves)
MR       .....                  (no boots)
Stlth    +.........             (no amulet)
HPRegen  0.13/turn              (no ring)
MPRegen  0.09/turn              (no ring)

@: mighty, agile
A: negative energy resistance 1, electricity resistance, unbreathing,
petrification resistance, rot immunity, AC +4
a: no special abilities


You were on level 2 of the Dungeon.
You were not hungry.

You visited 1 branch of the dungeon, and saw 2 of its levels.

You collected 64 gold pieces.

Inventory:

Hand Weapons
 a - a +3 flail (weapon)
Armour
 b - a +0 scale mail (worn)
 c - a +3 shield (worn)
 h - a +2 helmet (worn)
Scrolls
 i - 2 scrolls of identify
Potions
 d - a potion of might
 g - a potion of flight {unknown}
Comestibles
 f - 2 rations


   Skills:
 * Level 7.7 Fighting
 - Level 2.0 Maces & Flails
 * Level 7.6 Armour
 - Level 0.4 Dodging
 * Level 7.9 Shields


You had 4 spell levels left.
You didn't know any spells.

Dungeon Overview and Level Annotations

Branches:
Dungeon (2/15)

Altars:
Ru
Uskayaw


Innate Abilities, Weirdness & Mutations

You are resistant to torment.
Your stone body is resilient. (AC +4)
You are immune to poison.
You resist negative energy. (rN+)
You are resistant to electric shocks. (rElec)
You can survive without breathing.
You are immune to petrification.
You are immune to rotting.


Message History

You hit something.
Reactivating autopickup.
You have reached level 5!
You feel a bit more experienced.
You feel agile all of a sudden.
A magic dart appears from out of thin air!
Deactivating autopickup; reactivate with Ctrl-A.
The magic dart hits you!
* * * LOW HITPOINT WARNING * * *
A puff of flame appears from out of thin air!
The puff of flame hits you!
* * * LOW HITPOINT WARNING * * *
You are confused.
You bump into the rock wall.
Unknown command.
You bump into the rock wall.
You feel less confused.
A magic dart appears from out of thin air!
The magic dart hits you!
You die...

.##### ##+##
##.._..# .....#
#.# ###..#.###
.###.# #.#
#...#..# .# #.#
##.## #.#...##
.###.#####...##
#.#####
..............#
#.#
####.#####...##
#.# ####.#
##..#########.#
.....#
#.o...@......#
######
#o############
#.# #o# #.# #o#
#.# #.# #######
#.#


You could see 2 orcs.

Vanquished Creatures
  An orc wizard (D:2)
  Robin (D:2)
  An adder (D:2)
  An ooze (D:2)
  A worm (D:2)
  2 leopard geckos
  An orc (D:2)
  A giant cockroach (D:1)
  8 goblins
  7 hobgoblins
  2 jackals (D:2)
  A quokka (D:2)
  3 bats (D:1)
  5 frilled lizards
  4 kobolds (D:1)
  4 rats (D:1)
43 creatures vanquished.

Notes
Turn   | Place    | Note
-------+----------+-------------------------------------------
     0 | D:1      | BaronVonScrub the Gargoyle Fighter began the quest for the Orb.
     0 | D:1      | Reached XP level 1. HP: 14/14 MP: 1/1
   197 | D:1      | Reached XP level 2. HP: 13/19 MP: 2/2
  1058 | D:2      | Reached XP level 3. HP: 20/24 MP: 3/3
  1152 | D:2      | Reached XP level 4. HP: 35/35 MP: 4/4
  1178 | D:2      | Found a sacrificial altar of Ru.
  1386 | D:2      | Found a faded altar of an unknown god.
  1487 | D:2      | Noticed Robin
  1496 | D:2      | Killed Robin
  1641 | D:2      | Found a hide-covered altar of Uskayaw.
  1821 | D:2      | Reached XP level 5. HP: 5/39 MP: 5/5
  1845 | D:2      | Killed from afar by an orc wizard

Vault maps used:
D:1:      minmay_arrival_five_plusses
D:2:      lemuel_crystal_altar, lemuel_coloured_pillars_altar,
          eat_drink_and_be_merry_uskayaw, chequers_ecumenical_altar_island,
          uniq_robin

Skill      XL: |  1  2  3 |
---------------+----------+-----
Shields        | 7 |  7.9
Fighting       | 7 |  7.7
Armour         | 7 |  7.6
Maces & Flails | |  2.0
Dodging        | |  0.4

Action                   |  1- 3 |  4- 6 || total
-------------------------+-------+-------++-------
Melee: Flail             |   112 |    45 ||   157
  Use: Potion            |     8 |     4 ||    12
       Scroll            |     5 |     4 ||     9
  Eat: Chunk             |     1 |     1 ||     2
       Ration            |       |     1 ||     1
Armor: Scale mail        |    76 |     9 ||    85
Dodge: Dodged            |    35 |     7 ||    42
Block: Shield            |    83 |    30 ||   113

Table legend:
 A = Spawn XP
 B = Non-spawn XP
 C = Spawn XP percentage of total XP
 D = Spawn monster count
 E = Non-spawn monster count
 F = Spawn count percentage of total count
 G = Total turns spent on level
                    A         B        C        D         E        F      G
               +---------+---------+-------+---------+---------+-------+---------
         Total |       0 |     132 |   0.0 |       0 |      43 |   0.0 |  1845
               +---------+---------+-------+---------+---------+-------+---------
           D:1 |       0 |      30 |   0.0 |       0 |      21 |   0.0 |  1013
           D:2 |       0 |     102 |   0.0 |       0 |      22 |   0.0 |   832
               +---------+---------+-------+---------+---------+-------+---------
